cohdb
Replays
Latest Replays
All Replays
Popular Replays
Top Player Replays
Match Explorer
How It Works
Community
CoH3 Stats
Reddit
Sign in to upload your games and track your stats! →
Sign in with Steam
Match 39404879
Unlisted
Match 39404879
Overview
Messages
Build Orders
End
Construct Infanterie Kompanie
Selects Terror Battlegroup
MG 42 Machine Gun Team
GrW 34 Mortar Team
Grenadier Squad
MG 42 Machine Gun Team
Selects Heavy Gunnery
GrW 34 Mortar Team
Grenadier Squad
hasbuquavious
WadoVice
0
0
Comments
sign in to comment!
No comments posted yet!